 Dungeon Crawl Stone Soup version 0.31-a0-1612-g4aaf141004 (webtiles) character file.

Game seed: 8774406838977520765

10857 Jannitor the Fighter (level 11, -11/95 HPs)
             Began as a Red Draconian Reaver on Jan 9, 2024.
             Was a Plaything of Xom.
             Mangled by a cane toad (14 damage)
             ... on level 1 of the Lair of Beasts.
             The game lasted 00:30:00 (12619 turns).

Jannitor the Fighter (Red Draconian Reaver)        Turns: 12619, Time: 00:30:01

Health: -11/95     AC: 10    Str: 16      XL:     11   Next: 41%
Magic:  20/20      EV: 13    Int: 17      God:    Xom [*.....]
Gold:   616        SH:  0    Dex:  8 (9)  Spells: 12/23 levels left

rFire   + + +        G - staff of fire
rCold   + . .        (no shield)
rNeg    . . .        (body armour unavailable)
rPois   +            (helmet restricted)
rElec   +            (no cloak)
rCorr   +            (no gloves)
SInv    +            o - +2 pair of boots
Will    .....        f - amulet of the acrobat
Stlth   +            b - ring of see invisible
HPRegen 0.35/turn    x - ring of wizardry
MPRegen 0.17/turn

%: acrobat, wizardry (x1)
@: confused, lethally poisoned (-11 -> -12), resistant, ambrosia-drunk
A: breathe fire, AC +7, unfitting armour, fire resistance 1, cold-blooded,
teleportitis 1
a: Breathe Fire, Renounce Religion


You were on level 1 of the Lair of Beasts.
You worshipped Xom.
You were a special plaything of Xom.
You visited 2 branches of the dungeon, and saw 10 of its levels.

You collected 616 gold pieces.

Inventory:

Hand Weapons
 h - the +6 rapier "Ankuxyz" {freeze, rN++ rCorr Dex-4 Stlth+}
   (You took it off a centaur warrior on level 9 of the Dungeon)

   Dex-4:     It affects your dexterity (-4).
   rN++:      It greatly protects you from negative energy.
   rCorr:     It protects you from acid and corrosion.
   Stlth+:    It makes you more stealthy.
 H - a +4 long sword of protection
Missiles
 k - 6 curare-tipped darts (quivered)
Armour
 o - a +2 pair of boots (worn)
Magical Staves
 G - a staff of fire (weapon)
Jewellery
 b - a ring of see invisible (left hand)
 f - an amulet of the acrobat (around neck)
 n - a +6 ring of strength
 v - a ring of flight
 x - a ring of wizardry (right hand)
Talismans
 s - a maw talisman
 y - a serpent talisman
 F - a storm talisman
Wands
 d - a wand of paralysis (3)
 l - a wand of polymorph (14)
 t - a wand of roots (8)
 D - a wand of flame (23)
Scrolls
 a - a scroll of fog
 e - 5 scrolls of identify
 g - a scroll of teleportation
 m - 2 scrolls of vulnerability
 u - a scroll of enchant weapon
 w - a scroll of enchant armour
Potions
 c - 2 potions of haste
 j - 2 potions of cancellation
 p - a potion of enlightenment
 q - a potion of brilliance
 r - 2 potions of attraction
 z - 2 potions of magic
 A - a potion of mutation
 E - a potion of lignification


   Skills:
 + Level 8.4 Fighting
 - Level 7.5 Long Blades
 * Level 3.3 Staves
 - Level 6.4 Dodging
 - Level 6.5 Spellcasting
 - Level 7.4 Conjurations
 + Level 7.5 Fire Magic
 + Level 2.2 Evocations
 + Level 5.1 Shapeshifting


You had 12 spell levels left.
You knew the following spells:

 Your Spells              Type           Power      Damage    Failure   Level
a - Kiss of Death         Conj/Necr      72%        2d10      1%          1
b - Momentum Strike       Conj/Tloc      36%        3d9       1%          2
c - Sticky Flame          Fire/Alch      27%        2d7       11%         4
d - Flame Wave            Conj/Fire      46%        2d12      2%          4

Your spell library contained the following spells:

 Spells                   Type           Power      Damage    Failure   Level
 Static Discharge         Conj/Air       36%        3-5/arc   1%          2
 Hailstorm                Conj/Ice       18%        3d7       3%          3
 Inner Flame              Hex/Fire       27%        N/A       3%          3
 Freeze                   Ice            20%        1d4       4%          1
 Cigotuvi's Dreadful Rot  Necr/Alch/Air  10%        N/A       8%          2
 Ensorcelled Hibernation  Hex/Ice        10%        N/A       8%          2
 Lesser Beckoning         Tloc           10%        N/A       8%          2
 Ignite Poison            Fire/Alch      27%        N/A       11%         4
 Confusing Touch          Hex            5%         N/A       16%         3
 Frozen Ramparts          Ice            10%        1d2       16%         3
 Fugue of the Fallen      Necr           5%         N/A       16%         3
 Gell's Gravitas          Tloc           5%         N/A       16%         3
 Ozocubu's Armour         Ice            5%         N/A       16%         3
 Teleport Other           Tloc           5%         N/A       16%         3
 Airstrike                Air            2%         2d(1-17)  43%         4
 Anguish                  Hex/Necr       2%         N/A       43%         4
 Dispel Undead            Necr           5%         3d7       43%         4
 Manifold Assault         Tloc           5%         N/A       43%         4
 Martyr's Knell           Necr/Summ      5%         N/A       43%         4
 Summon Lightning Spire   Summ/Air       5%         N/A       43%         4
 Freezing Cloud           Conj/Ice/Air   6%         6-21      43%         5
 Death Channel            Necr           2%         N/A       99%         6
 Dispersal                Tloc           2%         N/A       99%         6


Dungeon Overview and Level Annotations

Branches:
Dungeon (9/15)             Temple (0/1) D:4            Lair (1/5) D:9
    Orc (0/2) D:9

Altars:
Ashenzari
Dithmenos
Gozag
Makhleb
Nemelex Xobeh
Qazlal
Ru
Uskayaw
Vehumet
Wu Jian
Xom
Zin

Annotations:
D:8 3 runed translucent doors, Mandevil's ghost, novice GnSh


Innate Abilities, Weirdness & Mutations

You can breathe blasts of fire.
Your fiery red scales are hard. (AC +7)
You cannot fit into any form of body armour.
Your flesh is heat resistant. (rF+)
You are cold-blooded and may be slowed by cold attacks.
You are occasionally teleported next to monsters.


Message History

Unknown command.
Unknown command.
Unknown command.
Unknown command.
You feel protected.
You feel very sick. The cane toad barely misses you.
Unknown command.
Okay, then.
Unknown command.
You are confused.
You feel invigorated.
You feel sick. The cane toad stings you!
* * * LOW HITPOINT WARNING * * *
Unknown command.
* * * LOW HITPOINT WARNING * * *
You feel sick.
The cane toad attacks as it pursues you!
The cane toad misses you. x2
Unknown command.
You hit the cane toad but do no damage. You burn the cane toad!
The cane toad is severely wounded.
You feel sick. The cane toad stings you.
* * * LOW HITPOINT WARNING * * *
A komodo dragon comes into view.
Unknown command.
You feel sick. The cane toad completely misses you.
Unknown command.
You feel sick. The cane toad closely misses you.
Unknown command.
You feel sick.
The cane toad attacks as it pursues you!
The cane toad stings you!
* * * LOW HITPOINT WARNING * * *
The cane toad closely misses you.
Unknown command.
You're too confused to move!
You feel sick.
The komodo dragon hisses angrily.
The cane toad stings you!
You die...
Xom snickers!

#####. ..... .#P#. .
..... ..... .#P#..
...#...##.#.###
...!..#.......##
.....#.........##
.P...#..........P
#PP...@.....#
###P..F....l#
##.......#....
#.##.#.### l
###...#.###
#.........# ...
##........####
#..##.
#...........##...#..
#.................8


You could see a komodo dragon and a cane toad.

Vanquished Creatures
  A centaur warrior (D:9)
  2 boulder beetles (D:9)
  An arcanist (D:9)
  A deep elf pyromancer (D:9)
  An ugly thing (D:9)
  2 cane toads (Lair:1)
  Maggie (D:9)
  A kobold demonologist (D:8)
  A komodo dragon (D:9)
  A troll (D:9)
  Grinder (D:5)
  2 blink frogs (Lair:1)
  Sigmund (D:6)
  4 wyverns
  A wraith (D:9)
  2 basilisks (D:9)
  Eustachio (D:6)
  Menkaure (D:6)
  Edmund (D:6)
  A water moccasin (Lair:1)
  2 black bears
  A swamp drake (D:9)
  2 ice beasts
  A sky beast (D:7)
  4 orc warriors
  An ogre (D:6)
  A phantom (D:4)
  3 centaurs
  6 kobold brigands
  Blork the orc (D:5)
  6 bullfrogs
  A scorpion (D:6)
  A wight (D:9)
  4 jellies
  A killer bee (D:9)
  4 howler monkeys
  5 hounds
  A bombardier beetle (D:4)
  4 orc priests
  2 iron imps (D:4)
  Jessica (D:2)
  2 gnoll boudas (D:5)
  Ijyb (D:2)
  12 orc wizards
  12 gnolls
  13 adders
  4 white imps
  2 ufetubi (D:6)
  2 dart slugs (D:3)
  54 orcs
  5 endoplasms
  3 giant cockroaches
  12 goblins
  11 hobgoblins
  17 jackals
  A quokka (D:2)
  9 ball pythons
  9 bats
  3 frilled lizards
  42 kobolds
  3 rats
296 creatures vanquished.

Vanquished Creatures (collateral kills)
  An orc (D:9)
1 creature vanquished.

Vanquished Creatures (others)
  A killer bee (D:8)
  An orc wizard (D:7)
2 creatures vanquished.

Grand Total: 299 creatures vanquished

Notes
Turn   | Place    | Note
-------+----------+-------------------------------------------
     0 | D:1      | Jannitor the Draconian Reaver began the quest for the Orb.
     0 | D:1      | Reached XP level 1. HP: 17/17 MP: 3/3
   291 | D:1      | Reached XP level 2. HP: 25/25 MP: 5/5
   958 | D:2      | Noticed Jessica
   965 | D:2      | Killed Jessica
   966 | D:2      | Reached XP level 3. HP: 24/28 MP: 4/6
  1086 | D:2      | Learned a level 2 spell: Momentum Strike
  1087 | D:2      | Reached XP level 4. HP: 37/37 MP: 4/7
  1120 | D:2      | Noticed Ijyb
  1142 | D:2      | Killed Ijyb
  1143 | D:2      | Reached skill level 3 in Fighting
  1721 | D:3      | Found a shadowy altar of Dithmenos.
  1737 | D:3      | Reached XP level 5. HP: 45/45 MP: 9/9
  1742 | D:3      | Identified the +1 trident of the Salmon {heavy, rC+}
  2481 | D:4      | Noticed a black bear
  2548 | D:4      | Reached XP level 6. HP: 51/52 MP: 10/10
  2710 | D:4      | Found a burning altar of Makhleb.
  2728 | D:4      | Gained mutation: You are occasionally teleported next to
                  | monsters. [potion of mutation]
  3196 | D:4      | Reached skill level 4 in Fighting
  3513 | D:4      | Your scales start taking on a fiery red colour.
  3513 | D:4      | Reached XP level 7. HP: 52/59 MP: 12/12
  3513 | D:4      | Gained mutation: Your flesh is heat resistant. (rF+) [Red
                  | Draconian growth]
  3522 | D:4      | Learned a level 4 spell: Sticky Flame
  3737 | D:4      | Reached skill level 1 in Fire Magic
  4122 | D:4      | Found a staircase to the Ecumenical Temple.
  4303 | D:5      | Entered Level 5 of the Dungeon
  4319 | D:5      | Found a broken altar of Ashenzari.
  4551 | D:5      | Reached skill level 5 in Long Blades
  4551 | D:5      | Reached XP level 8. HP: 58/67 MP: 14/14
  4692 | D:5      | Reached skill level 5 in Fighting
  4803 | D:5      | Reached skill level 5 in Conjurations
  4944 | D:5      | Found a sparkling altar of Nemelex Xobeh.
  5333 | D:5      | Noticed Blork the orc
  5338 | D:5      | Killed Blork the orc
  5442 | D:6      | Reached skill level 1 in Shapeshifting
  5621 | D:6      | Noticed Grinder
  5627 | D:6      | Noticed Sigmund
  5633 | D:6      | Killed Sigmund
  5727 | D:5      | Paralysed by Grinder for 4 turns
  5732 | D:5      | Paralysed by Grinder for 3 turns
  5735 | D:5      | Killed Grinder
  5736 | D:5      | Reached XP level 9. HP: 49/75 MP: 16/16
  5849 | D:6      | Noticed Menkaure
  5849 | D:6      | Noticed Eustachio
  5854 | D:6      | Killed Menkaure
  5855 | D:6      | Reached skill level 5 in Spellcasting
  5872 | D:6      | Killed Eustachio
  5873 | D:6      | Reached skill level 6 in Fighting
  5873 | D:6      | Reached skill level 5 in Dodging
  6114 | D:6      | Found a stormy altar of Qazlal.
  6233 | D:6      | Noticed Edmund
  6237 | D:6      | Killed Edmund
  7759 | D:7      | Found a sacrificial altar of Ru.
  7760 | D:7      | Found an ornate altar of the Wu Jian Council.
  7762 | D:7      | Found a glowing silver altar of Zin.
  8090 | D:8      | Found a shimmering altar of Xom.
  8104 | D:8      | Became a worshipper of Xom of Enforced Whimsey
  8113 | D:8      | Reached skill level 5 in Fire Magic
  8169 | D:8      | XOM: potion effect (invisibility)
  8230 | D:8      | XOM: divination: detect items
  8266 | D:8      | XOM: silly message
  8420 | D:8      | Found a runed translucent gate.
  8421 | D:8      | Found a runed translucent gate.
  8421 | D:8      | Found a runed translucent gate.
  8423 | D:8      | Noticed Mandevil's ghost (novice GnSh)
  8496 | D:8      | Found a radiant altar of Vehumet.
  8712 | D:8      | XOM is BORED!
  8871 | D:8      | Noticed a kobold demonologist
  8890 | D:8      | XOM: summons 3 friendly demons
  8893 | D:8      | Killed a kobold demonologist
  8935 | D:8      | Reached XP level 10. HP: 55/84 MP: 18/18
  8941 | D:8      | XOM: smoke on damage
  9290 | D:9      | Found a hide-covered altar of Uskayaw.
  9360 | D:9      | XOM: silly message
  9497 | D:9      | XOM: enchant monster (bad)
  9590 | D:9      | XOM: scenery: summon butterflies
  9592 | D:9      | Noticed a centaur warrior
  9597 | D:9      | Noticed a boulder beetle
  9601 | D:9      | Noticed an arcanist
  9602 | D:9      | Noticed a deep elf pyromancer
  9675 | D:9      | Found an opulent altar of Gozag.
  9677 | D:9      | Noticed a cyan ugly thing
  9684 | D:9      | Killed a cyan ugly thing
  9685 | D:9      | Reached skill level 7 in Fighting
  9713 | D:9      | XOM: 3-stop teleportation journey
  9720 | D:9      | XOM: enchant monster (bad)
  9981 | D:8      | XOM: blink monster(s)
  9982 | D:8      | XOM: swap monsters
 10165 | D:9      | Noticed a boulder beetle
 10178 | D:9      | Killed a boulder beetle
 10564 | D:9      | Identified the +6 rapier "Ankuxyz" {freeze, rN++ rCorr
                  | Dex-4 Stlth+}
 10577 | D:9      | Killed a centaur warrior
 10765 | D:9      | Noticed Maggie
 10775 | D:9      | Killed Maggie
 10870 | D:9      | XOM: 2-stop teleportation journey
 10918 | D:9      | Killed a boulder beetle
 10930 | D:9      | XOM: 2-stop teleportation journey
 11034 | D:9      | Found a staircase to the Lair.
 11095 | D:9      | Killed an arcanist
 11096 | D:9      | Reached XP level 11. HP: 94/94 MP: 20/20
 11140 | D:9      | XOM: summons 4 friendly demons
 11141 | D:9      | Reached skill level 8 in Fighting
 11175 | D:9      | Reached skill level 1 in Staves
 11326 | D:9      | Killed a deep elf pyromancer
 11327 | D:9      | Reached skill level 1 in Evocations
 11554 | D:9      | XOM: summons 6 friendly demons
 11702 | D:9      | XOM: summons 2 friendly demons
 11710 | D:9      | XOM: confuse monster(s)
 11739 | D:9      | XOM: cloud trail
 11809 | D:9      | Learned a level 4 spell: Flame Wave
 11844 | D:9      | XOM: scenery: 1 doors close
 11886 | D:9      | XOM: god gift: 29 gold pieces
 11893 | D:9      | Found a staircase to the Orcish Mines.
 11903 | D:9      | XOM: summons 4 hostile demons
 12334 | Lair:1   | Entered Level 1 of the Lair of Beasts
 12384 | Lair:1   | XOM: confusion
 12386 | Lair:1   | Reached skill level 5 in Shapeshifting
 12573 | Lair:1   | XOM: 2-stop teleportation journey
 12587 | Lair:1   | XOM: smoke on damage
 12592 | Lair:1   | XOM: polymorph cane toad -> eye of devastation
 12613 | Lair:1   | HP: 3/95 [cane toad (15)]
 12618 | Lair:1   | HP: 1/95 [cane toad (14)]
 12619 | Lair:1   | Mangled by a cane toad

Illustrated notes

Levels and vault maps discovered:
D:1:      lemuel_arrival_funnel, layout_loops_ring
D:2:      kennysheep_the_goblin_king, layout_basic, minmay_misc_feat_rows,
          uniq_jessica
D:3:      layout_rooms, grunt_dithmenos_smoke_and_mirrors
D:4:      layout_basic, demons_altar, minmay_temple_entry_hall,
          minmay_joined_circles
D:5:      layout_loops_ring, nemelex_xobeh_ov_fountains_minmay,
          nicolae_overflow_hidden_temple, uniq_blork_the_orc
D:6:      kennysheep_kobold_camp, layout_loops_ring,
          nicolae_qazlal_general_emergency, uniq_grinder, uniq_eustachio,
          uniq_edmund, uniq_menkaure, uniq_sigmund
D:7:      layout_basic, chequers_temple_overflow_statue_of_worship,
          feat_on_display
D:8:      layout_loops_ring, kennysheep_little_box,
          mainiacjoe_overflow_brackets, special_room [special_room_kobold],
          gammafunk_ghost_spectres
D:9:      minmay_the_grid_octo_triangle [minmay_the_grid_octo_clover,
          minmay_the_grid_octo_prize_ultimate_mussel_roller,
          minmay_the_grid_octo_77], layout_stronghold,
          mainiacjoe_overflow_chevrons, mainiacjoe_overflow_six_doors_small,
          david_lair_shrubbed, erik_orc_1, nrook_mini_vaults, uniq_maggie
Lair:1:   layout_cave_shapes, hangedman_lair_unloving_vines,
          infiniplex_staircase_pool_2, grunt_megastairs_1

Skill      XL: |  1  2  3  4  5  6  7  8  9 10 11 |
---------------+----------------------------------+-----
Dodging        | 2 3 4 5 6 |  6.4
Fighting       | 3 4 5 6 7 8 |  8.4
Spellcasting   | 3 4 5 6 |  6.5
Long Blades    | 4 5 6 7 |  7.5
Conjurations   | 4 5 6 7 |  7.4
Fire Magic     | 2 3 5 6 7 |  7.5
Shapeshifting  | 1 3 4 5 |  5.1
Staves         | 3 |  3.3
Evocations     | 2 |  2.2

Action                     |  1- 3 |  4- 6 |  7- 9 | 10-12 || total
---------------------------+-------+-------+-------+-------++-------
  Melee: Falchion          |   133 |   384 |   163 |       ||   680
         Tailslap          |    12 |    37 |    85 |    42 ||   176
         Punch             |       |     2 |     4 |     4 ||    10
         Long sword        |       |       |   369 |    80 ||   449
         Rapier            |       |       |       |    11 ||    11
         Staff             |       |       |       |    80 ||    80
  Throw: Dart              |       |     5 |       |    11 ||    16
   Cast: Kiss of Death     |     1 |     2 |       |       ||     3
         Momentum Strike   |     1 |     7 |       |       ||     8
         Sticky Flame      |       |       |       |    29 ||    29
Ability: Breathe Fire      |       |       |    36 |    17 ||    53
  Evoke: Wand              |       |       |       |     9 ||     9
    Use: Potion            |       |     3 |     2 |     8 ||    13
         Scroll            |       |    12 |     3 |    12 ||    27
   Stab: Sleeping          |     1 |       |     2 |       ||     3
         Paralysed         |       |       |       |     4 ||     4
 Armour: Skin              |    81 |   320 |   411 |   225 ||  1037
  Dodge: Dodged            |    98 |   294 |   373 |   218 ||   983

Table legend: (Time is in decaauts)
 A = Elapsed time spent in this place.
 B = Non-inter-level travel time spent in this place.
 C = Inter-level travel time spent in this place.
 D = Time resting spent in this place.
 E = Time spent auto-exploring this place.
 F = Levels seen in this place.
 G = Mean time per level.
                   A        B        C        D        E       F      G
               +--------+--------+--------+--------+--------+-----+--------+
         Total |  12745 |  12388 |    357 |   2922 |   6392 |  10 | 1274.5 |
       Dungeon |  12456 |  12100 |    356 |   2846 |   6286 |   9 | 1384.0 |
          Lair |    288 |    288 |      0 |     76 |    106 |   1 |  288.0 |
               +--------+--------+--------+--------+--------+-----+--------+

Top non-repeatable levels by time:
     D:9: 2304 daAuts
     D:8: 2046 daAuts
     D:4: 1591 daAuts
     D:6: 1468 daAuts
     D:5: 1421 daAuts
     D:2: 1131 daAuts
     D:3: 1057 daAuts
     D:1: 722 daAuts
     D:7: 714 daAuts
  Lair:1: 288 daAuts
